 Dungeon Crawl Stone Soup version 0.21.1-1-g345015fe64 (webtiles) character file.

7547 Jerry the Carver (level 10, 0/86 HPs)
             Began as a Demigod Fighter on Feb 13, 2018.
             Slain by a basilisk (12 damage)
             ... on level 10 of the Dungeon.
             The game lasted 00:31:15 (11505 turns).

Jerry the Carver (Demigod Fighter)                 Turns: 11505, Time: 00:31:15

Health: 0/86       AC: 13    Str: 23    XL:     10   Next: 64%
Magic:  13/13      EV: 10    Int: 12    God:
Gold:   504        SH:  8    Dex: 17    Spells: 9/9 levels left

rFire    . . .     SeeInvis +   B - +2 double sword (distort)
rCold    . . .     Gourm    .   y - +2 buckler
rNeg     . . .     Faith    .   F - -1 chain mail (curse)
rPois    .         Spirit   .   e - +2 helmet
rElec    .         Reflect  .   (no cloak)
rCorr    .         Harm     .   (no gloves)
MR       +....                  (no boots)
Stlth    ..........             (no amulet)
HPRegen  0.24/turn              (no ring)
MPRegen  0.13/turn              v - ring of see invisible

@: no status effects
A: high mp 1
a: no special abilities


You were on level 10 of the Dungeon.
You were not hungry.

You visited 1 branch of the dungeon, and saw 10 of its levels.

You collected 504 gold pieces.

Inventory:

Hand Weapons
 a - a +4 dagger of freezing
 B - a +2 double sword of distortion (weapon)
 H - a +3 long sword
 L - the +11 long sword of Disintegration {flame, rN+ MP-9 Dex+2, unknown}
   (You found it on level 9 of the Dungeon)

   It has been specially enchanted to burn those struck by it, causing extra
   injury to most foes and up to half again as much damage against particularly
   susceptible opponents.
   Big, fiery blades are also staple armaments of hydra-hunters.
   It affects your dexterity (+2).
   It protects you from negative energy.
   It affects your magic capacity (-9).
Armour
 b - a +0 scale mail
 e - a +2 helmet (worn)
 y - a +2 buckler (worn)
 z - a +2 shield
 F - a cursed -1 chain mail (worn)
 G - +0 steam dragon scales
Jewellery
 i - an uncursed ring of ice
 q - an uncursed amulet of magic regeneration {unknown}
 v - a ring of see invisible (right hand)
Wands
 d - a wand of polymorph (30)
 t - a wand of acid (8)
 x - a wand of iceblast (10)
 E - a wand of digging (11)
Scrolls
 c - a scroll of fear
 h - 3 scrolls of teleportation
 n - a scroll of blinking
 K - 2 scrolls of remove curse
Potions
 g - 4 potions of haste
 j - 2 potions of might
 k - a potion of agility {unknown}
 o - a potion of cancellation
 p - 3 potions of magic
 r - 3 potions of ambrosia
 s - 5 potions of curing
 u - a potion of invisibility {unknown}
 w - a potion of resistance
 A - a potion of berserk rage {unknown}
 C - 3 potions of flight {unknown}
 D - 2 potions of brilliance
 I - a potion of mutation {unknown}
Books
 l - a book of Power

   Spells                             Type                      Level
   a - Iskenderun's Battlesphere      Conjuration/Charms           5
   b - Venom Bolt                     Conjuration/Poison           5
   c - Bolt of Magma                  Conjuration/Fire/Earth       5
   d - Iron Shot                      Conjuration/Earth            6
   e - Orb of Destruction             Conjuration                  7
   f - Spellforged Servitor           Conjuration/Summoning        7
Comestibles
 f - 16 rations
 m - 6 chunks of flesh


   Skills:
 + Level 7.5 Fighting
 * Level 10.0 Long Blades
 + Level 7.5 Armour
 + Level 4.0 Dodging
 + Level 5.9 Shields


You had 9 spell levels left.
You didn't know any spells.

Dungeon Overview and Level Annotations

Branches:
Dungeon (10/15)            Temple (0/1) D:6            Lair (0/6) D:10
    Orc: D:9-12

Shops:
D:5 (   D:9 }

Annotations:
Abyss:1 Joseph


Innate Abilities, Weirdness & Mutations

You have an increased reservoir of magic. (+10% MP)


Message History

Space warps horribly around the elephant!
The elephant is almost dead.
The basilisk gazes at you.
You easily resist.
You block the elephant's attack.
The elephant trunk-slaps you but does no damage.
You slash the elephant!
You kill the elephant!
Your Dodging skill increases to level 4!
The basilisk gazes at you.
You easily resist.
The basilisk bites you.
* * * LOW HITPOINT WARNING * * *
You barely miss the basilisk. The basilisk gazes at you.
You easily resist.
You block the basilisk's attack.
You hit the basilisk.
The basilisk looks slightly unstable.
The basilisk is lightly wounded.
The basilisk bites you.
* * * LOW HITPOINT WARNING * * *
The basilisk bites you!
You die...

#.....>..... #.........#
#.......... #.P..P..# #####
###### #....P..# ....#
#....#######.....## ....#
###.#.......###...#### ....#
###...[.l.###.......##.# ....#
#.#.#..@†...........##.) ....#
#...##..l.####....)....)
....######............#.#.#.#.#..
.............##.......#..........
.......####...........#.#.#.#.#.#
..........<.##..#................
............##.##.....#.#.#.#.#..
................)...............#
......#?#.#.#.####......#.#.#.#.#


You could see 2 basilisks.

Vanquished Creatures
  An unseen horror (D:10)
  The ghost of Tilo the Fighter, a novice HOFi (D:3)
  An elephant (D:10)
  A hippogriff (D:8)
  A spriggan (D:8)
  Grum (D:8)
  A yak (D:10)
  A hungry ghost (D:9)
  A steam dragon (D:6)
  Menkaure (D:6)
  Edmund (D:4)
  2 insubstantial wisps (D:6)
  A water moccasin (D:7)
  3 orc warriors
  4 ice beasts
  3 sky beasts
  3 phantoms
  6 ogres
  A black bear (D:9)
  2 wolves (D:8)
  Blork the orc (D:6)
  3 gnoll sergeants
  A wyvern zombie (D:8)
  4 bullfrogs
  5 scorpions
  A water moccasin skeleton (D:6)
  7 wights
  A bullfrog zombie (D:8)
  4 crimson imps
  2 jellies
  4 hounds
  6 orc wizards
  A centaur skeleton (D:7)
  5 orc priests
  2 iguanas
  9 worker ants
  A killer bee zombie (D:5)
  A hound zombie (D:5)
  A hound skeleton (D:6)
  A worker ant zombie (D:5)
  Robin (D:3)
  5 gnolls
  16 adders
  2 shadow imps
  An adder skeleton (D:4)
  An adder zombie (D:5)
  3 worms (D:3)
  A dart slug (D:1)
  4 leopard geckos
  23 orcs
  A ball python (D:5)
  2 giant cockroaches
  19 goblins
  7 hobgoblins
  7 jackals
  7 kobolds
  3 quokkas
  8 bats
  8 frilled lizards
  A leopard gecko skeleton (D:5)
  A quokka skeleton (D:4)
  20 rats
237 creatures vanquished.

Vanquished Creatures (others)
  A phantom (D:10)
  An orc wizard (D:8)
  An orc (D:9)
  A goblin (D:3)
4 creatures vanquished.

Grand Total: 241 creatures vanquished

Notes
Turn   | Place    | Note
-------+----------+-------------------------------------------
     0 | D:1      | Jerry the Demigod Fighter began the quest for the Orb.
     0 | D:1      | Reached XP level 1. HP: 18/18 MP: 3/3
    46 | D:1      | Reached skill level 2 in Long Blades
    86 | D:1      | Reached XP level 2. HP: 25/25 MP: 4/4
  1059 | D:2      | Reached XP level 3. HP: 30/31 MP: 5/5
  1575 | D:3      | Noticed Robin
  1607 | D:3      | Killed Robin
  1756 | D:3      | Reached XP level 4. HP: 38/38 MP: 6/6
  1769 | D:3      | Reached skill level 3 in Long Blades
  2043 | D:3      | Reached XP level 5. HP: 43/45 MP: 7/7
  2046 | D:3      | Noticed Tilo's ghost (novice HOFi)
  2561 | D:3      | Killed Tilo's ghost
  2561 | D:3      | Reached skill level 4 in Long Blades
  2561 | D:3      | Reached XP level 6. HP: 25/52 MP: 8/8
  2561 | D:3      | Reached XP level 7. HP: 29/59 MP: 9/9
  2657 | D:3      | Reached skill level 5 in Long Blades
  3175 | D:4      | Noticed Edmund
  3192 | D:4      | Killed Edmund
  3828 | D:4      | Found a shadowy altar of Dithmenos.
  3833 | D:4      | Found a snail-covered altar of Cheibriados.
  3894 | D:5      | Entered Level 5 of the Dungeon
  4054 | D:5      | Reached XP level 8. HP: 67/67 MP: 10/10
  4083 | D:5      | Reached skill level 6 in Long Blades
  4315 | D:4      | Reached skill level 5 in Shields
  4320 | D:4      | Reached skill level 5 in Fighting
  4424 | D:5      | Reached skill level 5 in Armour
  4512 | D:5      | Found a radiant altar of Vehumet.
  4572 | D:5      | Found Behoy's Antique Weapon Shoppe.
  5130 | D:6      | Noticed Blork the orc
  5135 | D:6      | Killed Blork the orc
  5163 | D:6      | Noticed Menkaure
  5672 | D:6      | Killed Menkaure
  5672 | D:6      | Reached skill level 7 in Long Blades
  6371 | D:6      | Found a staircase to the Ecumenical Temple.
  6650 | D:6      | Reached XP level 9. HP: 29/75 MP: 11/11
  7312 | D:7      | Reached skill level 8 in Long Blades
  7922 | D:7      | Reached skill level 1 in Dodging
  8430 | D:8      | Found a stormy altar of Qazlal.
  8994 | D:8      | Noticed Grum
  9011 | D:8      | Reached skill level 9 in Long Blades
  9033 | D:8      | Killed Grum
  9499 | D:8      | Reached XP level 10. HP: 73/84 MP: 13/13
 10043 | D:9      | Noticed Joseph
 10449 | D:9      | Got an ichor-stained long sword
 10744 | D:9      | Found Bobe's Gadget Shoppe.
 10989 | D:9      | Banished Joseph
 11160 | D:10     | Entered Level 10 of the Dungeon
 11185 | D:10     | Noticed an unseen horror
 11189 | D:10     | Killed an unseen horror
 11431 | D:10     | Reached skill level 10 in Long Blades
 11470 | D:10     | Found a staircase to the Lair.
 11471 | D:10     | Noticed an elephant
 11503 | D:10     | Killed an elephant
 11505 | D:10     | Slain by a basilisk

Skill      XL: |  1  2  3  4  5  6  7  8  9 10 |
---------------+-------------------------------+-----
Long Blades    | 2 3 4 5 7 9 10 | 10.0
Fighting       | 3 4 5 6 7 |  7.5
Armour         | 3 4 5 6 7 |  7.5
Shields        | 3 4 5 |  5.9
Dodging        | 2 4 |  4.0

Action                   |  1- 3 |  4- 6 |  7- 9 | 10-12 || total
-------------------------+-------+-------+-------+-------++-------
Melee: Long sword        |    55 |    41 |   573 |    27 ||   696
       Dagger            |    89 |    21 |       |       ||   110
       Double sword      |       |       |       |   114 ||   114
 Fire: Hunting sling     |     2 |    39 |    36 |       ||    77
Evoke: Wand              |       |       |       |     1 ||     1
  Use: Potion            |       |     1 |     1 |     1 ||     3
       Scroll            |       |       |    15 |     4 ||    19
 Stab: Sleeping          |       |       |     1 |       ||     1
  Eat: Chunk             |     3 |     2 |    20 |     8 ||    33
       Ration            |       |       |     1 |       ||     1
Armor: Scale mail        |    46 |    25 |   112 |       ||   183
       Steam dragon scal |       |       |    56 |    10 ||    66
       Chain mail        |       |       |       |    52 ||    52
Dodge: Dodged            |    40 |    26 |   229 |    47 ||   342
Block: Shield            |    51 |    48 |   102 |       ||   201
       Buckler           |       |       |   124 |    46 ||   170
       Rpst.: Long sword |     5 |     4 |    62 |     3 ||    74
       Double sword      |       |       |       |    10 ||    10
